 Dungeon Crawl Stone Soup version 0.19.5 (webtiles) character file.

10605 JeffiDaFish the Protected (level 11, -4/99 HPs)
             Began as a Minotaur Fighter on Jan 5, 2018.
             Was a High Priest of Zin.
             Slain by Snorg (15 damage)
             ... on level 11 of the Dungeon on Jan 7, 2018.
             The game lasted 00:39:11 (9846 turns).

JeffiDaFish the Protected (Minotaur Fighter)        Turns: 9846, Time: 00:39:12

Health: -4/99      AC: 15    Str: 22    XL:     11   Next: 38%
Magic:  12/13      EV: 17    Int:  7    God:    Zin [*****.]
Gold:   90         SH:  0    Dex: 16    Spells: 0 memorised, 10 levels left

rFire  . . .     SeeInvis .     B - +1 executioner's axe "Lecer" {speed, *Contam rElec rC+++}
rCold  + + +     Gourm    .     j - +0 chain mail
rNeg   . . .     Faith    .     (shield currently unavailable)
rPois  ∞         Spirit   .     (helmet restricted)
rElec  +         Reflect  .     y - +0 cloak
rCorr  .         Harm     .     (no gloves)
MR     .....                    C - +0 pair of boots
Stlth  ..........               t - amulet of rage
                                (no ring)
                                k - +3 ring of evasion

@: vitalised
A: retaliatory headbutt, horns 2
a: Recite, Vitalisation, Imprison, Sanctuary, Donate Gold, Renounce Religion,
Evoke Berserk Rage


You were on level 11 of the Dungeon.
You worshipped Zin.
Zin was extremely pleased with you.
You were hungry.

You visited 2 branches of the dungeon, and saw 12 of its levels.
You also visited: Sewer and Ossuary.

You collected 596 gold pieces.
You donated 506 gold pieces to Zin.

Inventory:

Hand Weapons
 a - a +1 war axe of chopping
 p - a +2 dire flail of protection
 x - a +0 halberd of flaming
 B - the +1 executioner's axe "Lecer" (weapon) {speed, *Contam rElec rC+++}
   (You acquired it on level 10 of the Dungeon)

   Attacks with this weapon are significantly faster.
   It renders you almost immune to cold.
   It insulates you from electricity.
   It causes magical contamination when unequipped.
Armour
 i - a +0 buckler
 j - a +0 chain mail (worn)
 y - a +0 cloak (worn)
 C - a +0 pair of boots (worn)
Jewellery
 k - a +3 ring of evasion (left hand)
 t - an amulet of rage (around neck)
 A - an uncursed amulet of regeneration {unknown}
Wands
 n - a wand of flame (30/48)
 E - a wand of acid (6/15)
Scrolls
 e - 6 scrolls of identify
 g - 9 scrolls of remove curse
 o - 2 scrolls of fog
 v - 2 scrolls of teleportation
 w - a scroll of amnesia
 D - 2 scrolls of fear
Potions
 d - 5 potions of might
 l - 3 potions of heal wounds
 q - 7 potions of curing
 s - a potion of cancellation
 u - 3 potions of agility
 z - a potion of invisibility
Books
 h - a book of Maledictions

   Spells                             Type                      Level
   a - Corona                         Hexes                        1
   b - Ensorcelled Hibernation        Hexes/Ice                    2
   c - Confuse                        Hexes                        3
   d - Tukima's Dance                 Hexes                        3
   e - Dazzling Spray                 Conjuration/Hexes            3
Comestibles
 b - 3 meat rations
 c - 3 beef jerkies
 f - 6 bread rations
 m - 30 fruits
 r - a slice of pizza


   Skills:
 * Level 9.7 Fighting
 * Level 10.7 Axes
 * Level 11.3 Armour
 * Level 10.1 Dodging
 - Level 4.1 Shields
 + Level 4.5 Invocations


You had 10 spell levels left.
You didn't know any spells.

Dungeon Overview and Level Annotations

Branches:
Dungeon (11/15)            Temple (1/1) D:4             Orc (0/2) D:10
   Lair: D:8-11

Altars:
Ashenzari
Cheibriados
Dithmenos
Elyvilon
Fedhas
Gozag
Hepliaklqana
Kikubaaqudgha
Makhleb
Nemelex Xobeh
Okawaru
Qazlal
Ru
Sif Muna
Trog
Uskayaw
Vehumet
Xom
Yredelemnul
Zin
The Shining One
Beogh

Shops:
D:9 %

Annotations:
D:11 Snorg


Innate Abilities, Weirdness & Mutations

You reflexively headbutt those who attack you in melee.
You have a pair of horns on your head.


Message History

You feel much better.
Snorg rages.
Snorg bites you!
* * * LOW HITPOINT WARNING * * *
Snorg completely misses you. Snorg claws you but does no damage.
You feel much better.
Snorg is lost in a daze.
You slice Snorg!!
Snorg is heavily wounded.
Snorg bites you! Snorg claws you. Snorg closely misses you.
You closely miss Snorg.
Snorg is heavily wounded.
Snorg bites you but does no damage. Snorg claws you! Snorg claws you.
* * * LOW HITPOINT WARNING * * *
Snorg bites you!
* * * LOW HITPOINT WARNING * * *
Snorg closely misses you. Snorg claws you but does no damage.
Snorg bites you but does no damage. Snorg closely misses you. Snorg misses you.
You have got your breath back.
Snorg bites you!
You die...

########
#......#
#T####.#
#@# #.#
#.# #.#
#.# #.#
#<# #.#
#.# #.#
### #.#
... ###


You could see Snorg (berserk).

Vanquished Creatures
  4 hill giants
  Pikel (D:7)
  Psyche (D:8)
  A gargoyle (D:10)
  A two-headed ogre (D:8)
  Grinder (D:4)
  A hornet (D:10)
  2 hippogriffs (D:8)
  Prince Ribbit (D:8)
  A wraith (Ossuary)
  2 humans (D:7)
  Menkaure (D:4)
  Duvessa (D:4)
  3 ice beasts (D:6)
  3 sky beasts
  2 orc warriors
  4 slaves (D:7)
  2 black bears
  A necrophage (D:8)
  3 centaurs
  6 ogres
  A phantom (D:8)
  Blork the orc (D:4)
  6 big kobolds
  2 bullfrogs (D:6)
  3 scorpions
  Dowan (D:4)
  17 killer bees
  12 wights
  An electric eel (D:10)
  2 crimson imps
  A jelly (D:7)
  2 quasits
  10 orc priests
  A bullfrog skeleton (D:9)
  A centaur skeleton (D:6)
  4 hounds
  3 iguanas
  9 orc wizards
  8 worker ants
  A killer bee zombie (D:5)
  A hound skeleton (D:4)
  A mummy (Ossuary)
  2 howler monkey zombies
  A worker ant zombie (D:6)
  12 gnolls
  11 adders
  5 river rats (Sewer)
  A shadow imp (D:10)
  3 oozes
  3 adder zombies
  2 adder skeletons (D:6)
  2 worms
  2 dart slugs
  3 leopard geckos
  42 orcs
  8 giant cockroaches
  8 goblins
  7 hobgoblins
  17 jackals
  29 kobolds
  6 quokkas
  9 ball pythons
  8 bats
  5 frilled lizards
  7 gnoll skeletons (Ossuary)
  2 jackal zombies (D:4)
  5 kobold skeletons (Ossuary)
  A kobold zombie (D:4)
  13 orc skeletons (Ossuary)
  A quokka skeleton (D:5)
  A quokka zombie (D:5)
  27 rats
  A butterfly (D:4)
374 creatures vanquished.

Vanquished Creatures (collateral kills)
  Joseph (D:8)
1 creature vanquished.

Grand Total: 375 creatures vanquished

Notes
Turn   | Place    | Note
-------+----------+-------------------------------------------
     0 | D:1      | JeffiDaFish the Minotaur Fighter began the quest for the Orb.
     0 | D:1      | Reached XP level 1. HP: 19/19 MP: 0/0
     6 | D:1      | Noticed a polar bear
     6 | D:1      | Noticed a swamp drake
     6 | D:1      | Noticed a lindwurm
     6 | D:1      | Noticed a black mamba
     6 | D:1      | Noticed a hog
   136 | D:1      | Reached XP level 2. HP: 27/27 MP: 1/1
   236 | D:1      | Reached skill level 4 in Armour
   308 | D:1      | Reached XP level 3. HP: 26/33 MP: 2/2
   748 | D:2      | Found a hazy altar of Hepliaklqana.
   763 | D:2      | Reached XP level 4. HP: 40/40 MP: 3/3
   825 | D:2      | Found a shattered altar of Ashenzari.
  1576 | D:3      | Reached XP level 5. HP: 47/47 MP: 4/4
  2182 | D:4      | Found a sand-covered staircase.
  2200 | Ossuary  | Entered an ossuary
  2200 | Ossuary  | Noticed a wraith
  2200 | Ossuary  | Noticed a wraith
  2200 | Ossuary  | Noticed a wraith
  2215 | Ossuary  | Reached skill level 5 in Armour
  2233 | Ossuary  | Identified a scroll of acquirement
  2245 | Ossuary  | Noticed a wraith
  2256 | Ossuary  | Killed a wraith
  2256 | Ossuary  | Reached skill level 5 in Fighting
  2256 | Ossuary  | Reached skill level 5 in Axes
  2256 | Ossuary  | Reached skill level 1 in Dodging
  2256 | Ossuary  | Reached XP level 6. HP: 45/56 MP: 5/5
  2397 | D:4      | Found a shattered altar of Ashenzari.
  2419 | D:4      | Found a staircase to the Ecumenical Temple.
  2426 | Temple   | Entered the Ecumenical Temple
  2505 | Temple   | Became a worshipper of Zin the Law-Giver
  2505 | Temple   | Reached * piety under Zin
  2520 | D:4      | Noticed Grinder
  2528 | D:4      | Killed Grinder
  2528 | D:4      | Reached XP level 7. HP: 49/62 MP: 6/6
  2577 | D:4      | Noticed Blork the orc
  2585 | D:4      | Killed Blork the orc
  2585 | D:4      | Reached skill level 6 in Armour
  2625 | D:4      | Found a burning altar of Makhleb.
  2642 | D:4      | Noticed Menkaure
  2652 | D:4      | Killed Menkaure
  2806 | D:4      | Noticed Duvessa
  2806 | D:4      | Noticed Dowan
  2809 | D:4      | Killed Dowan
  2814 | D:4      | Killed Duvessa
  3040 | D:4      | Reached ** piety under Zin
  3041 | D:4      | Donated 109 gold pieces to Zin
  3059 | D:4      | Found a sacrificial altar of Ru.
  3068 | D:4      | Reached XP level 8. HP: 70/70 MP: 7/7
  3581 | D:5      | Entered Level 5 of the Dungeon
  3584 | D:5      | Found a glowing drain.
  3597 | Sewer    | Entered a sewer
  3636 | Sewer    | Reached skill level 7 in Armour
  3765 | Sewer    | Reached skill level 5 in Dodging
  3961 | Sewer    | Identified the cursed -6 helmet of Sisk {Str-3 Dex+3 Slay+5} (You found it in a sewer)
  4401 | D:5      | Donated 69 gold pieces to Zin
  4535 | D:5      | Found a stormy altar of Qazlal.
  4538 | D:5      | Noticed an air elemental
  4670 | D:5      | Reached skill level 8 in Armour
  4745 | D:5      | Reached XP level 9. HP: 69/75 MP: 8/8
  4959 | D:6      | Reached *** piety under Zin
  5032 | D:6      | Identified the cursed +0 mace of Giw Enun {crush, *Rage +Rage Dex+2} (You found it on level 6 of the Dungeon)
  5114 | D:6      | Found a sparkling altar of Nemelex Xobeh.
  5187 | D:6      | Donated 65 gold pieces to Zin
  5544 | D:6      | Reached skill level 1 in Invocations
  5567 | D:6      | Reached skill level 9 in Armour
  5932 | D:7      | Found a shattered altar of Ashenzari.
  5977 | D:7      | Noticed Pikel
  5991 | D:7      | Killed Pikel
  6138 | D:7      | Reached XP level 10. HP: 86/88 MP: 10/10
  6148 | D:7      | Found an iron altar of Okawaru.
  6312 | D:7      | Reached **** piety under Zin
  6403 | D:7      | Donated 63 gold pieces to Zin
  6548 | D:7      | Found a glowing golden altar of the Shining One.
  6548 | D:7      | Found an ancient bone altar of Kikubaaqudgha.
  6597 | D:8      | Noticed Prince Ribbit
  6610 | D:8      | Killed Prince Ribbit
  6643 | D:8      | Noticed Joseph
  6656 | D:8      | Killed Joseph
  6656 | D:8      | Reached skill level 10 in Armour
  6790 | D:8      | Found a radiant altar of Vehumet.
  6970 | D:8      | Noticed Psyche
  6980 | D:8      | Killed Psyche
  7211 | D:8      | Identified the +4 flail of the Hierophant {drain, Str+8} (You found it on level 8 of the Dungeon)
  7425 | D:9      | Found Utaff's Food Emporium.
  7430 | D:8      | Reached skill level 10 in Axes
  7633 | D:9      | Noticed a hill giant
  7645 | D:9      | Killed a hill giant
  8009 | D:9      | Found a white marble altar of Elyvilon.
  8183 | D:9      | Found a shimmering altar of Xom.
  8245 | D:9      | Donated 78 gold pieces to Zin
  8268 | D:10     | Entered Level 10 of the Dungeon
  8285 | D:10     | Reached XP level 11. HP: 96/96 MP: 13/13
  8609 | D:10     | Noticed a hill giant
  8620 | D:10     | Killed a hill giant
  8627 | D:10     | Reached skill level 11 in Armour
  8728 | D:10     | Reached ***** piety under Zin
  8729 | D:10     | Donated 63 gold pieces to Zin
  8853 | D:10     | Noticed a hill giant
  8867 | D:10     | Killed a hill giant
  9105 | D:10     | Noticed a hill giant
  9112 | D:10     | Killed a hill giant
  9112 | D:10     | Reached skill level 10 in Dodging
  9126 | D:10     | Got a warped executioner's axe
  9132 | D:10     | Identified the +1 executioner's axe "Lecer" {speed, *Contam rElec rC+++} (You acquired it on level 10 of the Dungeon)
  9684 | D:10     | Found a staircase to the Orcish Mines.
  9695 | D:10     | Found a roughly hewn altar of Beogh.
  9827 | D:11     | Noticed Snorg
  9846 | D:11     | Slain by Snorg

Skill      XL: |  1  2  3  4  5  6  7  8  9 10 11 |
---------------+----------------------------------+-----
Armour         | 4 5 6 8 9 10 11 | 11.3
Axes           | 3 4 5 6 8 9 10 | 10.7
Shields        | 4 |  4.1
Fighting       | 4 5 7 9 |  9.7
Dodging        | 1 2 4 7 8 9 10 | 10.1
Invocations    | 2 4 |  4.5

Action                   |  1- 3 |  4- 6 |  7- 9 | 10-12 || total
-------------------------+-------+-------+-------+-------++-------
Melee: War axe           |    76 |   109 |   329 |   218 ||   732
       Headbutt          |    12 |    14 |    54 |    68 ||   148
       Broad axe         |       |     4 |       |       ||     4
       Halberd           |       |       |    15 |       ||    15
       Executioner's axe |       |       |       |    45 ||    45
Invok: Donate Gold       |       |       |     3 |     3 ||     6
       Recite            |       |       |     2 |     6 ||     8
       Vitalisation      |       |       |       |     4 ||     4
  Use: Potion            |     3 |     6 |     6 |     3 ||    18
       Scroll            |     2 |     7 |     7 |     7 ||    23
 Stab: Invisible         |       |       |       |     4 ||     4
  Eat: Chunk             |       |     4 |    12 |     3 ||    19
       Royal jelly       |       |       |     1 |     1 ||     2
       Bread ration      |       |       |       |     1 ||     1
       Fruit             |       |       |       |     2 ||     2
Armor: Scale mail        |    28 |       |       |       ||    28
       Chain mail        |    15 |    41 |   123 |    90 ||   269
Dodge: Dodged            |    42 |    56 |   204 |   224 ||   526
Block: Shield            |     3 |       |       |       ||     3
       Buckler           |    10 |    25 |    67 |    56 ||   158
